 Dungeon Crawl Stone Soup version 0.19.0-24-gb05acd6 (webtiles) character file.

35 equalderp2856 the Scratcher (level 3, -1/17 HPs)
             Began as a Felid Fighter on Nov 22, 2016.
             Slain by a jackal (3 damage)
             ... on level 1 of the Dungeon.
             The game lasted 00:04:54 (1397 turns).

equalderp2856 the Scratcher (Felid Fighter)         Turns: 1397, Time: 00:04:54

Health: -1/17      AC:  1    Str: 13    XL:     3   Next: 16%
Magic:  4/4        EV: 19    Int:  9    God:
Gold:   11         SH:  0    Dex: 15    Spells: 0 memorised, 2 levels left
                                        Lives:  0   Deaths: 0

rFire  . . .     SeeInvis +       - Unarmed
rCold  . . .     Gourm    .     (armour unavailable)
rNeg   . . .     Faith    .     (shield unavailable)
rPois  .         Spirit   .     (helmet unavailable)
rElec  .         Reflect  .     (cloak unavailable)
rCorr  .         Harm     .     (gloves unavailable)
MR     .....                    (boots unavailable)
Stlth  ++........               (no amulet)
                                (no ring)
                                (no ring)

@: quick
A: no armour, no weapons or thrown items, stealth, claws 1, fangs 3, see
invisible, carnivore 3, speed 1, shaggy fur 1, slow metabolism 1, sharp paws
a: no special abilities


You were on level 1 of the Dungeon.
You were full.

You visited 1 branch of the dungeon, and saw 2 of its levels.

You collected 11 gold pieces.

Inventory:

Jewellery
 d - a +2 ring of evasion {unknown}
Scrolls
 c - a scroll of identify {unknown}
 f - 2 scrolls of amnesia {unknown}
 i - a scroll of remove curse {unknown}
Potions
 a - a potion of might
 e - a potion of curing {unknown}
 g - a potion of cure mutation {unknown}
 h - a potion of degeneration {unknown}
Comestibles
 b - a meat ration
 j - a bread ration


   Skills:
 + Level 3.1 Fighting
 + Level 4.0 Dodging
 + Level 0.4 Stealth
 + Level 4.9 Unarmed Combat


You had 2 spell levels left.
You didn't know any spells.

Dungeon Overview and Level Annotations

Branches:
Dungeon (2/15)

Altars:


Innate Abilities, Weirdness & Mutations

You cannot wear armour.
You are incapable of wielding weapons or throwing items.
Your paws allow you to move quietly. (Stealth)
You have sharp claws.
You have razor-sharp teeth.
You have supernaturally acute eyesight. (SInv)
You are carnivorous and can eat meat at any time.
You cover ground quickly.
You are covered in fur. (AC +1)
You have a slow metabolism.
Your sharp claws are effective at attacking unaware monsters.


Message History

The jackal bites you.
The jackal barks! x2
The goblin hits you with a dagger. The rat closely misses you.
There is a stone staircase leading up, spattered with blood here.
You completely miss the jackal. The jackal misses you.
The goblin hits you with a dagger. The rat completely misses you.
The jackal completely misses you.
A jackal comes into view.
The jackal misses you. The goblin hits you with a dagger.
* * * LOW HITPOINT WARNING * * *
The rat bites you.
* * * LOW HITPOINT WARNING * * *
You climb upwards.
There is a stone staircase leading down here.
Unknown command.
Okay, then.
The jackal completely misses you. The jackal completely misses you.
The jackal bites you.
You die...

.....# #...##........###'#.#.....
.....# #...##........###...#.####
###### #....#.....#...####...####
#....#.....#...#....##...#
#########.....##............#...#
......# #.....##............#...+
......# #.....##.......#....#...#
.....>#####............###'##...#
............r..h@........#.##...#
..###......g......###....#'##...#
..................# #............
............###...# #.......####.
............# #...# ####....# #.
..).........# #...# #....# #.
##.########## #...# #....# #.
##.# #...# #....# #. ...# #...#
#....# #.


You could see a jackal, a goblin and a rat.

Vanquished Creatures
  2 oozes (D:1)
  2 dart slugs (D:1)
  2 leopard geckos (D:1)
  2 giant cockroaches (D:1)
  2 goblins (D:1)
  3 hobgoblins (D:1)
  2 bats (D:1)
  A frilled lizard (D:1)
  A kobold (D:1)
  4 rats
21 creatures vanquished.

Notes
Turn   | Place    | Note
-------+----------+-------------------------------------------
     0 | D:1      | equalderp2856 the Felid Fighter began the quest for the Orb.
     0 | D:1      | Reached XP level 1. HP: 10/10 MP: 2/2
   641 | D:1      | Reached XP level 2. HP: 10/14 MP: 3/3
  1228 | D:1      | Reached XP level 3. HP: 12/17 MP: 4/4
  1397 | D:1      | Slain by a jackal

Action                   || total
-------------------------++-------
Melee: Unarmed           ||    57
       Bite              ||     4
 Stab: Sleeping          ||     2
  Eat: Chunk             ||     4
Armor: Skin              ||     1
Dodge: Dodged            ||    59
